Description

WIP

(3v3 mod of https://lotv.spawningtool.com/build/97380/)

VOD

https://lotv.spawningtool.com/46130/

Build Order

Get SALT Encoding   

  12  0:00  Drone  
  13  0:13  Overlord  
  13  0:18  Drone  
  14  0:31  Drone x3  
  17  0:53  Hatchery  
  17  0:56  Drone x2  
  18  1:10  Extractor  
  17  1:15  Spawning Pool  
  17  1:17  Drone x2  
  18  1:29  Drone  
  20  1:47  Hatchery  
  20  2:06  Queen  
  24  2:18  Queen  
  26  2:24  Overlord  
  28  2:43  Metabolic Boost  pull 2 drones off gas
  31  2:46  Zergling x2  
  32  2:54  Queen  
  36  3:02  Queen  
  42  3:21  Overlord x2  
  42  3:33  Overlord  
  42  3:40  Lair  
  50  3:52  Spore Crawler x2  
  52  4:04  Extractor  2 drones back to 1st gas
  51  4:13  Zergling x6  
  65  4:40  Hydralisk Den  
  65  4:41  Extractor x3  
  74  5:23  Hydralisk x4  
  74  5:25  Hatchery  
  80  5:33  Hydralisk x5  
  88  5:38  Evolution Chamber  
  90  5:44  Baneling Nest  
  90  5:45  Hydralisk  
  93  5:51  Zergling x12  
  103  5:57  Spore Crawler x3  
  100  6:06  Spore Crawler  
  105  6:22  Grooved Spines  
  126  7:21  Baneling x10  
Spawning Tool Build Advisor. Get it on Overwolf

Go to:

Details

  • Created by: IcebergSlim
  • Published on: Nov 10, 2023
  • Modified on: Nov 10, 2023
  • Patch: 5.0.11
  • Difficulty: Medium
Show
View Real Time Build Order
Export as new Build Order

Comments (0)

There are no comments. Be the first!

Create an account to comment!